 Dungeon Sprint DCSS version 0.21.1-1-g345015f (webtiles) character file.

12 Psiloshibe the Slasher (level 4, -4/61 HPs)
             Began as a Barachi Berserker on June 10, 2018.
             Was a Believer of Trog.
             Slain by a gnoll (8 damage)
             ... in the Dungeon (Sprint VI: "Thunderdome").
             The game lasted 00:01:11 (120 turns).

Psiloshibe the Slasher (Barachi Berserker)           Turns: 120, Time: 00:01:12

Health: -4/61      AC:  2    Str: 27    XL:     4   Next: 18%
Magic:  4/4        EV: 13    Int:  7    God:    Trog [**....]
Gold:   85         SH:  0    Dex: 12    Spells: 3/3 levels left

rFire    + . .     SeeInvis +   a - +0 falchion
rCold    x . .     Gourm    .   (no shield)
rNeg     . . .     Faith    .   b - +0 animal skin
rPois    .         Spirit   .   (no helmet)
rElec    +         Reflect  .   (no cloak)
rCorr    +         Harm     +   (no gloves)
MR       +++..     NoTele   +   (no boots)
Stlth    ..........             o - amulet "Kaicel" {Harm *Drain rElec Str+3}
HPRegen  1.20/turn              p - ring of Accord {rCorr SInv}
MPRegen  0.09/turn              n - ring "Motsaop" {rElec rF+ rC- MR+ Stlth-}

@: berserking, regenerating, very quick
A: +LOS, swims, slowness 1, strong legs 1
a: Hop, Berserk, Trog's Hand, Burn Spellbooks, Renounce Religion


You were in the Dungeon.
You worshipped Trog.
Trog was pleased with you.
You were not hungry.

You visited 1 branch You collected 220 gold pieces.
You spent 135 gold pieces at shops.

Inventory:

Hand Weapons
 a - a +0 falchion (weapon)
Armour
 b - a +0 animal skin (worn)
Jewellery
 n - the ring "Motsaop" (right hand) {rElec rF+ rC- MR+ Stlth-}
   (You bought it in a shop in the Dungeon)

   [ring of loudness]

   It protects you from fire.
   It makes you vulnerable to cold.
   It insulates you from electricity.
   It affects your resistance to hostile enchantments.
   It makes you less stealthy.
 o - the amulet "Kaicel" (around neck) {Harm *Drain rElec Str+3}
   (You bought it in a shop in the Dungeon)

   [amulet of harm]

   It increases damage dealt and taken.
   It affects your strength (+3).
   It insulates you from electricity.
   It causes draining when unequipped.
 p - the ring of Accord (left hand) {rCorr SInv}
   (You bought it in a shop in the Dungeon)

   [ring of resist corrosion]

   It lets you see invisible.
Wands
 k - a wand of acid (5)
 l - a wand of iceblast (5)
Scrolls
 i - 4 scrolls of blinking
 m - 3 scrolls of fog
Potions
 d - a potion of curing
 e - 4 potions of heal wounds
 f - 4 potions of haste
 g - 2 potions of magic
 h - a potion of berserk rage
 j - a potion of resistance
Comestibles
 c - a ration
 q - a chunk of flesh


   Skills:
 + Level 6.8 Fighting
 + Level 6.8 Long Blades
 + Level 3.7 Armour
 + Level 3.7 Dodging


You had 3 spell levels left.
You didn't know any spells.

Dungeon Overview and Level Annotations

Branches:
Dungeon (1/1)

Altars:
Cheibriados
Dithmenos
Fedhas
Gozag
Kikubaaqudgha
Makhleb
Okawaru
Ru
Sif Muna
Trog
Uskayaw
Vehumet
Wu Jian
Xom
Yredelemnul
Zin
The Shining One
Beogh
Jiyva
Lugonu

Shops:
D *[%???:(!!!!


Innate Abilities, Weirdness & Mutations

Shadows flee at your approach. (+LOS)
You can swim through water.
You cover ground slowly.
You can hop short distances.


Message History

* * * LOW HITPOINT WARNING * * *
The gnoll hits you with a whip.
* * * LOW HITPOINT WARNING * * *
You barely miss the gnoll shaman. The gnoll shaman closely misses you.
You riposte.
You slash the gnoll shaman!
The gnoll shaman is heavily wounded.
You slash the gnoll shaman!
You kill the gnoll shaman!
Trog accepts your kill.
You have reached level 4!
You feel agile. The gnoll hits you but does no damage.
You slash the gnoll!
The gnoll is almost dead.
The gnoll hits you but does no damage. The gnoll hits you with a whip.
* * * LOW HITPOINT WARNING * * *
You barely miss the gnoll.
The gnoll is almost dead.
The gnoll hits you!
You die...

###.........###
#⌠..(........⌠#
#####.8.........8.######
∩_._......###......___∩##
......((8.# #.8........∩#
...[..(...###............
.....÷.###...###.........
.......# #.<.# #.........
.....[.###...# #@g.......
..........###..gg........
........8.# #.8........∩#
∩___......# #......_._∩##
#####.8.........8.######
#⌠...........⌠#
###.........###
#_......._# _......._


You could see 3 gnolls.

Vanquished Creatures
  A gnoll shaman (D)
  Jessica (D)
  An adder (D)
  An orc (D)
  A quokka (D)
  A kobold (D)
6 creatures vanquished.

Notes
Turn   | Place    | Note
-------+----------+-------------------------------------------
     0 | D        | Psiloshibe the Barachi Berserker began the quest for the Orb.
     0 | D        | Reached XP level 1. HP: 18/18 MP: 1/1
     0 | D        | Found a glowing golden altar of the Shining One.
     0 | D        | Found a snail-covered altar of Cheibriados.
     3 | D        | Found an iron altar of Okawaru.
     3 | D        | Found an opulent altar of Gozag.
     4 | D        | Found a deep blue altar of Sif Muna.
     5 | D        | Found a viscous altar of Jiyva.
     5 | D        | Found an ancient bone altar of Kikubaaqudgha.
     5 | D        | Round 1.
     6 | D        | Found Veuggaug's Delicious Food.
     6 | D        | Found a sacrificial altar of Ru.
     6 | D        | Found Urih's Identification Station.
     6 | D        | Found a radiant altar of Vehumet.
     7 | D        | Found Usimeif's Jewellery.
     7 | D        | Found Bismanu's Advanced Armour.
     7 | D        | Found a burning altar of Makhleb.
     7 | D        | Found a corrupted altar of Lugonu.
     7 | D        | Found a glowing silver altar of Zin.
     9 | D        | Noticed Jessica
    17 | D        | Bought a heavily runed steel ring for 45 gold pieces
    17 | D        | Bought a scintillating emerald amulet for 45 gold pieces
    17 | D        | Bought a fine turquoise ring for 45 gold pieces
    17 | D        | Identified the ring of Accord {rCorr SInv} (You bought it in a shop in the Dungeon)
    18 | D        | Identified the amulet "Kaicel" {Harm *Drain rElec Str+3} (You bought it in a shop in the Dungeon)
    19 | D        | Identified the ring "Motsaop" {rElec rF+ rC- MR+ Stlth-} (You bought it in a shop in the Dungeon)
    30 | D        | Killed Jessica
    30 | D        | Reached skill level 5 in Fighting
    30 | D        | Reached skill level 5 in Long Blades
    30 | D        | Reached XP level 2. HP: 6/28 MP: 2/2
    30 | D        | Reached XP level 3. HP: 7/34 MP: 3/3
    39 | D        | Reached ** piety under Trog
    55 | D        | Found an ornate altar of the Wu Jian Council.
    57 | D        | Found a shimmering altar of Xom.
    77 | D        | Found Supraob's Magic Scroll Shop.
    78 | D        | Found Fulotuat's Staff Store.
    79 | D        | Found Cuiladi's Magic Scroll Shop.
    79 | D        | Found Gefux's Must-Have Magic.
    87 | D        | Arena points: 12 (+12) [x2]
    93 | D        | Found a shadowy altar of Dithmenos.
   101 | D        | Round 2.
   102 | D        | Found a blossoming altar of Fedhas.
   103 | D        | Found a bloodstained altar of Trog.
   105 | D        | Found Vayruf's Distillery.
   106 | D        | Found Imamn's Distillery.
   106 | D        | Found Nebiunax's Bottled Wisdom.
   107 | D        | Found a roughly hewn altar of Beogh.
   107 | D        | Found a hide-covered altar of Uskayaw.
   107 | D        | Found Othatuot's Do-It-Yourself Clinic.
   113 | D        | Found a basalt altar of Yredelemnul.
   116 | D        | HP: 2/51 [gnoll/whip (3)]
   118 | D        | Reached XP level 4. HP: 4/41 MP: 4/4
   120 | D        | Slain by a gnoll

Skill      XL: |  1  2  3 |
---------------+----------+-----
Fighting       | 5 6 |  6.8
Long Blades    | 5 6 |  6.8
Armour         | 3 |  3.7
Dodging        | 3 |  3.7

Action                   |  1- 3 |  4- 6 || total
-------------------------+-------+-------++-------
Melee: Falchion          |    21 |     2 ||    23
Invok: Berserk           |     2 |       ||     2
       Trog's Hand       |     2 |       ||     2
Armor: Animal skin       |     5 |     1 ||     6
Dodge: Dodged            |    18 |       ||    18
       Rpst.: Falchion   |     4 |       ||     4
